 Dungeon Crawl Stone Soup version 0.32-a0-42-ga30500b4d3 (webtiles) character file.

Game seed: 4745198874463750376

312 lunkers the Poker (level 6, -1/62 HPs)
             Began as an Oni Berserker on Feb 1, 2024.
             Was a Believer of Trog.
             Slain by Grinder (7 damage)
             ... on level 5 of the Dungeon.
             The game lasted 00:04:58 (3031 turns).

lunkers the Poker (Oni Berserker)                   Turns: 3031, Time: 00:04:58

Health: -1/62      AC:  3    Str: 24    XL:     6   Next: 42%
Magic:  6/6        EV: 10    Int:  8    God:    Trog [**....]
Gold:   144        SH:  0    Dex: 14    Spells: 5/5 levels left

rFire   . . .        a - +0 spear
rCold   . . .        (no shield)
rNeg    . . .        b - +0 animal skin
rPois   .            (helmet restricted)
rElec   .            (no cloak)
rCorr   .            (gloves unavailable)
SInv    .            (boots unavailable)
Will    +++..        (no amulet)
Stlth   +            n - ring of willpower
HPRegen 1.30/turn    o - +6 ring of dexterity
MPRegen 0.10/turn

%: no passive effects
@: strong-willed, on berserk cooldown, regenerating, slowed, very slow
A: large, unfitting armour, horns 1, tough skin 1, double potion healing,
drunken brawling
a: Renounce Religion, Berserk, Trog's Hand


You were on level 5 of the Dungeon.
You worshipped Trog.
Trog was pleased with you.
You visited 1 branch of the dungeon, and saw 5 of its levels.

You collected 144 gold pieces.

Inventory:

Hand Weapons
 a - a +0 spear (weapon)
Armour
 b - a +0 animal skin (worn)
Jewellery
 k - a ring of ice
 n - a ring of willpower (left hand)
 o - a +6 ring of dexterity (right hand)
 s - a ring of resist corrosion
Talismans
 d - a dragon-blood talisman
Scrolls
 e - a scroll of summoning {unknown}
 f - 2 scrolls of poison {unknown}
 i - a scroll of fear {unknown}
 j - a scroll of blinking {unknown}
 l - a scroll of identify {unknown}
 m - a scroll of teleportation {unknown}
 q - a scroll of immolation {unknown}
 r - a scroll of revelation {unknown}
 t - a scroll of torment {unknown}
Potions
 c - a potion of attraction {unknown}
 g - 2 potions of lignification {unknown}
 h - a potion of berserk rage {unknown}
 p - 2 potions of curing {unknown}


   Skills:
 - Level 4.0 Fighting
 + Level 7.0 Polearms
 - Level 2.6 Dodging


You had 5 spell levels left.
You didn't know any spells.
Your spell library was empty.

Dungeon Overview and Level Annotations

Branches:
Dungeon (5/15)             Temple (0/1) D:5

Altars:
Kikubaaqudgha
Sif Muna

Shops:
D:2 *

Annotations:
D:5 Grinder


Innate Abilities, Weirdness & Mutations

You are too large for most types of armour.
You have a pair of small horns on your head.
You have tough skin. (AC +1)
You gain doubled healing and magic from potions.
Whenever you drink a healing potion, you attack all around you.


Message History

Your Polearms skill increases to level 7!
Reach: a) +0 spear
Press: ? - help, Dir - move target, f - orc
Aim: an orc, wielding a +0 hand axe (about 34% to evade your +0 spear)
You reach to attack!
You puncture the orc!
You kill the orc!
Trog accepts your kill.
Reach: a) +0 spear
Press: ? - help, Dir - move target, f - Grinder
Aim: Grinder (about 37% to evade your +0 spear)
You barely miss Grinder. You headbutt Grinder.
Grinder is lightly wounded.
Reach: a) +0 spear
Press: ? - help, Dir - move target, f/p - Grinder
Aim: Grinder (lightly wounded, about 37% to evade your +0 spear)
You hit Grinder.
Grinder is moderately wounded.
You are no longer berserk.
You are exhausted.
You feel yourself slow down. Grinder hits you but does no damage.
Your skin crawls.
You feel strong-willed. Grinder closely misses you.
Reach: a) +0 spear
Press: ? - help, Dir - move target, f/p - Grinder
Aim: Grinder (moderately wounded, about 37% to evade your +0 spear)
You puncture Grinder!
Grinder is heavily wounded.
Grinder hits you!
* * * LOW HITPOINT WARNING * * *
You writhe in agony.
* * * LOW HITPOINT WARNING * * *
Reach: a) +0 spear
Press: ? - help, Dir - move target, f/p - Grinder
Aim: Grinder (heavily wounded, about 37% to evade your +0 spear)
You hit Grinder.
Grinder is heavily wounded.
Grinder hits you!
You die...
Grinder sighs, "Dead already?
I want a refund."

.# #.. ######
#.# # #.....
....# # .....
#.#.##. ...
#..#..
##.#.#)##<#.#
.....)c5@..#
##.#.#.##..#
# ...
#..###..##
#.##
#......... #.
##.###..# #
#.# # #.# #.#
#.#


You could see Grinder and a centaur.

Vanquished Creatures
  A jelly (D:3)
  An orc priest (D:5)
  2 iguanas (D:4)
  4 orc wizards
  Ijyb (D:5)
  An adder (D:4)
  A dart slug (D:1)
  8 orcs
  6 endoplasms
  2 giant cockroaches (D:2)
  7 goblins
  4 hobgoblins
  3 quokkas
  3 ball pythons
  5 bats
  5 frilled lizards
  5 kobolds
  4 rats
63 creatures vanquished.

Notes
Turn   | Place    | Note
-------+----------+-------------------------------------------
     0 | D:1      | lunkers the Oni Berserker began the quest for the Orb.
     0 | D:1      | Reached XP level 1. HP: 24/24 MP: 1/1
   141 | D:1      | Reached XP level 2. HP: 30/32 MP: 2/2
   760 | D:2      | Reached skill level 4 in Polearms
   797 | D:2      | Reached XP level 3. HP: 32/39 MP: 3/3
   898 | D:2      | Found a faded altar of an unknown god.
  1076 | D:2      | Found Amusch's Assorted Antiques.
  1091 | D:2      | Identified the staff of the Blind Eye {^Fragile rPois rF+
                  | Tloc Fire}
  1480 | D:3      | Reached ** piety under Trog
  1571 | D:3      | Found a shimmering blue altar of Sif Muna.
  1618 | D:3      | Identified the +1 ring mail of the Ecumenical Temple {rF+
                  | MP+9 Str+6 Int-5}
  1671 | D:3      | Reached skill level 5 in Polearms
  1671 | D:3      | Reached XP level 4. HP: 41/48 MP: 4/4
  1708 | D:3      | Found an ancient bone altar of Kikubaaqudgha.
  1988 | D:3      | Reached XP level 5. HP: 23/54 MP: 5/5
  2758 | D:4      | Reached skill level 6 in Polearms
  2958 | D:4      | You fall into a shaft and drop 1 floor!
  2958 | D:5      | Entered Level 5 of the Dungeon
  2958 | D:5      | Found a staircase to the Ecumenical Temple.
  3000 | D:5      | Noticed Ijyb
  3000 | D:5      | Noticed a centaur
  3014 | D:5      | Killed Ijyb
  3016 | D:5      | Reached XP level 6. HP: 38/62 MP: 6/6
  3019 | D:5      | Noticed Grinder
  3026 | D:5      | Reached skill level 7 in Polearms
  3031 | D:5      | Slain by Grinder

Illustrated notes

Levels and vault maps discovered:
D:1:      dpeg_arrival_arbitrary_c, layout_basic
D:2:      layout_loops_ring, basic_ecumenical_altar, serial_shops, shop,
          grunt_ministairs_2
D:3:      layout_basic, lemuel_tele_altar, mainiacjoe_overflow_small_starburst
D:4:      layout_cave_pools, nemelex_spade_bored_becter, serial_forest,
          infiniplex_forest_clump_double, infiniplex_forest_end_1,
          infiniplex_forest_clump_tiny, infiniplex_forest_straight_1,
          infiniplex_forest_end_1, infiniplex_forest_lined_corner,
          infiniplex_forest_clump_tiny, infiniplex_forest_straight_4,
          infiniplex_forest_end_2, infiniplex_forest_join, uniq_eustachio,
          uniq_duvessa
D:5:      layout_loops_ring, minmay_temple_entry_large_hall, uniq_ijyb,
          uniq_crazy_yiuf_cottage, uniq_pikel, uniq_grinder

Skill      XL: |  1  2  3  4  5  6 |
---------------+-------------------+-----
Polearms       | 4 5 6 7 |  7.0
Fighting       | |  4.0
Dodging        | |  2.6

Action                     |  1- 3 |  4- 6 || total
---------------------------+-------+-------++-------
  Melee: Spear             |   115 |   107 ||   222
         Headbutt          |    15 |    13 ||    28
         Punch             |       |     2 ||     2
 Invoke: Berserk           |       |     2 ||     2
         Trog's Hand       |       |     1 ||     1
   Stab: Sleeping          |       |     1 ||     1
 Armour: Animal skin       |    41 |    64 ||   105
  Dodge: Dodged            |    43 |    27 ||    70

Table legend: (Time is in decaauts)
 A = Elapsed time spent in this place.
 B = Non-inter-level travel time spent in this place.
 C = Inter-level travel time spent in this place.
 D = Time resting spent in this place.
 E = Time spent auto-exploring this place.
 F = Levels seen in this place.
 G = Mean time per level.
                   A        B        C        D        E       F      G
               +--------+--------+--------+--------+--------+-----+--------+
         Total |   3002 |   2959 |     43 |      0 |   2558 |   5 |  600.4 |
       Dungeon |   3002 |   2959 |     43 |      0 |   2558 |   5 |  600.4 |
               +--------+--------+--------+--------+--------+-----+--------+

Top non-repeatable levels by time:
     D:3: 1107 daAuts
     D:1: 732 daAuts
     D:2: 697 daAuts
     D:4: 403 daAuts
     D:5: 61 daAuts
